 Dungeon Crawl Stone Soup version 0.22.1-2-g9c5b331 (webtiles) character file.

91 Labyrinth the Firebug (level 4, -5/33 HPs)
             Began as a Draconian Fire Elementalist on Nov 21, 2018.
             Was a Follower of Yredelemnul.
             Killed from afar by Robin (11 damage)
             ... with a wand of flame (27)
             ... on level 2 of the Dungeon.
             The game lasted 00:11:10 (1089 turns).

Labyrinth the Firebug (Draconian Fire Elementalist) Turns: 1089, Time: 00:11:10

Health: -5/33      AC:  5    Str: 11    XL:     4   Next: 33%
Magic:  0/7        EV: 11    Int: 16    God:    Yredelemnul [*.....]
Gold:   53         SH:  3    Dex: 11    Spells: 1/7 levels left

rFire    . . .     SeeInvis .   i - +0 spear
rCold    . . .     Gourm    .   g - +0 buckler
rNeg     . . .     Faith    .   (armour unavailable)
rPois    .         Spirit   .   (helmet restricted)
rElec    .         Reflect  .   (no cloak)
rCorr    .         Harm     .   (no gloves)
MR       .....                  (no boots)
Stlth    ++........             (no amulet)
HPRegen  0.11/turn              (no ring)
MPRegen  0.10/turn              (no ring)

@: very slightly contaminated
A: unfitting armour, cold-blooded, AC +5
a: Animate Remains, Renounce Religion


You were on level 2 of the Dungeon.
You worshipped Yredelemnul.
Yredelemnul was aware of your devotion.
You were not hungry.

You visited 1 branch of the dungeon, and saw 2 of its levels.

You collected 53 gold pieces.

Inventory:

Hand Weapons
 a - a +0 short sword
 i - a +0 spear (weapon)
Missiles
 d - 7 stones (quivered)
 k - 14 bolts
 m - a throwing net
Armour
 g - a +0 buckler (worn)
Scrolls
 e - a scroll of identify
 h - 2 scrolls of amnesia
Potions
 c - a potion of mutation {unknown}
 f - a potion of brilliance
 j - a potion of resistance
 l - a potion of ambrosia
Comestibles
 b - 2 rations
 n - 10 chunks of flesh


   Skills:
 + Level 0.2 Fighting
 + Level 1.1 Short Blades
 + Level 2.3 Dodging
 + Level 1.9 Stealth
 + Level 2.3 Spellcasting
 + Level 1.2 Conjurations
 + Level 4.1 Fire Magic


You had one spell level left.
You knew the following spells:

 Your Spells              Type           Power        Failure   Level  Hunger
a - Flame Tongue          Conj/Fire      ##...        11%         1    #......
b - Throw Flame           Conj/Fire      ##....       17%         2    ###....
c - Conjure Flame         Conj/Fire      ##......     32%         3    ###....

Your spell library contained the following spells:

 Spells                   Type           Power        Failure   Level  Hunger
 Inner Flame              Hex/Fire       #.......     38%         3    ###....
 Sticky Flame             Conj/Fire      ##......     73%         4    #####..
 Fireball                 Conj/Fire      ##........   97%         5    ######.


Dungeon Overview and Level Annotations

Branches:
Dungeon (2/15)

Altars:
Yredelemnul

Annotations:
D:2 Robin


Innate Abilities, Weirdness & Mutations

Your plain brown scales are hard. (AC +5)
You cannot fit into any form of body armour.
You are cold-blooded and may be slowed by cold attacks.


Message History

Okay, then.
Okay, then.
You hit the goblin but do no damage.
Your tail-slap misses the goblin.
The goblin barely misses you. Robin hits you but does no damage.
You hit the goblin but do no damage. The goblin hits you but does no damage.
Robin throws the goblin at you!
You closely miss the goblin. The goblin hits you but does no damage.
Robin zaps a wand.
The puff of flame hits you!
It is a wand of flame (27).
You hit the goblin but do no damage.
Your tail-slap misses the goblin.
The goblin barely misses you.
Robin roars a battlecry!
You closely miss the goblin. The goblin completely misses you.
Robin's horned helmet rattles.
Robin hits you but does no damage.
You closely miss the goblin. You block the goblin's attack.
Robin closely misses you.
You closely miss the goblin. The goblin hits you but does no damage.
Robin zaps a wand.
The puff of flame hits you!
You die...
Your body rises from the dead as a mindless zombie.

#......#
#..####.
#...####
#.>####.
##.##
#....... #.#
##.##### #.#
##.#####
#.####
#......#
#.g)g#
#).###.#
.######.##S#
#..###.#
......g@# .#
#.......
.######## gg
#.####.#


gSg #.####.. g..# #......# .r.# ######## ..## You could see Robin and a goblin.

Vanquished Creatures
  4 gnolls (D:2)
  An ooze (D:2)
  A worm (D:2)
  A dart slug (D:1)
  A leopard gecko (D:1)
  3 bats
  A giant cockroach (D:1)
  5 goblins
  10 jackals (D:1)
  A ball python (D:2)
  A frilled lizard (D:1)
  6 kobolds
  6 rats
41 creatures vanquished.

Notes
Turn   | Place    | Note
-------+----------+-------------------------------------------
     0 | D:1      | Labyrinth the Draconian Fire Elementalist began the quest
                  | for the Orb.
     0 | D:1      | Reached XP level 1. HP: 14/14 MP: 3/3
    44 | D:1      | Reached XP level 2. HP: 16/20 MP: 0/5
    80 | D:1      | Learned a level 2 spell: Throw Flame
   366 | D:1      | Reached XP level 3. HP: 26/26 MP: 1/6
   376 | D:1      | Reached skill level 1 in Short Blades
   903 | D:2      | Found a faded altar of an unknown god.
   936 | D:2      | Became a worshipper of Yredelemnul the Dark
   936 | D:2      | Reached * piety under Yredelemnul
   941 | D:2      | Learned a level 3 spell: Conjure Flame
  1014 | D:2      | Reached skill level 4 in Fire Magic
  1023 | D:2      | Reached XP level 4. HP: 25/33 MP: 0/7
  1066 | D:2      | Noticed Robin
  1089 | D:2      | Killed from afar by Robin

Skill      XL: |  1  2  3 |
---------------+----------+-----
Short Blades   | 1 |  1.1
Fire Magic     | 4 |  4.1
Dodging        | 2 |  2.3
Fighting       | |  0.2
Stealth        | |  1.9
Spellcasting   | |  2.3
Conjurations   | |  1.2

Action                   |  1- 3 |  4- 6 || total
-------------------------+-------+-------++-------
Melee: Short sword       |    70 |    14 ||    84
       Tailslap          |     6 |     2 ||     8
       Spear             |       |    11 ||    11
 Cast: Flame Tongue      |    30 |     5 ||    35
       Throw Flame       |     9 |       ||     9
  Use: Scroll            |     4 |       ||     4
       Potion            |     3 |     1 ||     4
  Eat: Chunk             |     1 |     1 ||     2
Armor: Skin              |    30 |    12 ||    42
Dodge: Dodged            |    44 |    14 ||    58
Block: Buckler           |     2 |     4 ||     6
